 Dungeon Crawl Stone Soup version 0.20-a0-9-g62d82d9 (webtiles) character file.

49 kroki the Chiller (level 3, 0/24 HPs)
             Began as a Merfolk Ice Elementalist on Nov 1, 2016.
             Slain by a centaur (3 damage)
             ... on level 4 of the Dungeon.
             The game lasted 00:02:34 (2024 turns).

kroki the Chiller (Merfolk Ice Elementalist)        Turns: 2024, Time: 00:02:35

Health: 0/24       AC:  2    Str:  8    XL:     3   Next: 75%
Magic:  3/6        EV: 13    Int: 15    God:
Gold:   43         SH:  0    Dex: 14    Spells: 2 memorised, 2 levels left

rFire  . . .     SeeInvis .     e - +0 dagger (venom)
rCold  . . .     Gourm    .     a - +0 robe
rNeg   . . .     Faith    .     (no shield)
rPois  .         Spirit   .     (no helmet)
rElec  .         Reflect  .     (no cloak)
rCorr  .         Harm     .     (no gloves)
MR     .....                    (no boots)
Stlth  ++........               (no amulet)
                                (no ring)
                                (no ring)

@: no status effects
A: change form in water, swift swim, stealthy swim
a: no special abilities


You were on level 4 of the Dungeon.
You were not hungry.

You visited 1 branch of the dungeon, and saw 3 of its levels.

You collected 43 gold pieces.

Inventory:

Hand Weapons
 d - a +0 whip
   (You took it off a kobold on level 1 of the Dungeon)
 e - a +0 dagger of venom (weapon)
   (You found it on level 1 of the Dungeon)
Armour
 a - a +0 robe (worn)
Scrolls
 j - a scroll of blinking {unknown}
 k - a scroll of identify {unknown}
 l - a scroll of enchant armour {unknown}
Potions
 f - a potion of heal wounds {unknown}
 g - a potion of curing {unknown}
 h - a potion of agility {unknown}
Books
 b - a book of Frost
Comestibles
 c - 2 bread rations {@e1}
 i - a chunk of flesh {@w0}


   Skills:
 - Level 3.0 Dodging
 - Level 2.5 Stealth
 - Level 2.2 Spellcasting
   Level 0.7 Conjurations
 + Level 4.5 Ice Magic


You had 2 spell levels left.
You knew the following spells:

 Your Spells              Type           Power        Failure   Level  Hunger
a - Freeze                Ice            ###.         3%          1    #......
A - Ozocubu's Armour      Chrm/Ice       #.......     30%         3    ###....


Dungeon Overview and Level Annotations

Branches:
Dungeon (4/15)
 Temple: D:4-7

Altars:

Annotations:
D:2 exclusion: gnoll
D:4 exclusion: ogre


Message History

There is a stone staircase leading up here.
You fall through a shaft for 2 floors!
The shaft crumbles and collapses.
No target in view!
k - a scroll labeled XIYTEA ICATUAN No target in view!
An ogre comes into view. It is wielding a giant club.
No target in range!
Unknown command.
Here: an ogre, wielding a giant club (resting)
The floor.
An orc comes into view. It is wielding a club.
No target in range!
An orc is nearby!
No target in range!
An orc is nearby!
No target in range!
An orc is nearby!
No target in range!
You hit the orc but do no damage. The orc hits you with a club.
You take 4 damage, and have 20/24 hp.
An orc is nearby!
Aim: an orc, wielding a club You freeze the orc.
The orc misses you.
You now have 5/6 mp.
An orc is nearby!
Aim: an orc, wielding a club (lightly wounded)
You freeze the orc. The orc barely misses you.
You now have 4/6 mp.
An orc is nearby!
Aim: an orc, wielding a club (moderately wounded)
You freeze the orc. The orc hits you but does no damage.
You now have 3/6 mp.
An orc is nearby!
Aim: an orc, wielding a club (heavily wounded)
You freeze the orc.
You kill the orc!
You now have 2/6 mp.
Eating a chunk of flesh {@w0}.
You start eating the chunk of flesh {@w0}.
You are feeling hungry.
Things that are here:
a club; 26 sling bullets; an orc corpse No target in view!
Health restored: 24; MP restored: 6 You butcher the orc corpse.
i - a chunk of flesh {@w0}
Things that are here:
a club; 26 sling bullets
Things that are here:
a club; 26 sling bullets You now have 43 gold pieces (gained 18).
l - a scroll labeled CETOIT SIYTUAL No target in view!
Unknown command.
You can't go up here!
Memorise Ozocubu's Armour, consuming 3 spell levels and leaving 2?
You start memorising the spell.
You continue memorising. x3
You finish memorising.
Spell assigned to 'A'.
A centaur comes into view.
No target in range!
A centaur is nearby!
No target in range!
A centaur is nearby!
No target in range!
A centaur is nearby!
No target in range!
You start waiting.
Done waiting.
You start waiting.
Unknown command.
You start waiting.
A centaur is nearby!
Aim: a centaur (hasn't noticed you)
You freeze the centaur.
The centaur shouts!
The centaur closely misses you. The centaur misses you.
You now have 5/6 mp.
A centaur is nearby!
Aim: a centaur (moderately wounded)
You freeze the centaur. The centaur hits you!
You take 8 damage, and have 16/24 hp.
MASSIVE DAMAGE!!
You now have 4/6 mp.
A centaur is nearby!
You are too injured to fight recklessly!
A centaur is nearby!
You are too injured to fight recklessly!
Unknown command.
You hit the centaur but do no damage. The centaur closely misses you.
The centaur hits you.
You take 6 damage, and have 10/24 hp.
MASSIVE DAMAGE!!
You hit the centaur but do no damage. The centaur hits you!
* * * LOW HITPOINT WARNING * * *
You take 7 damage, and have 3/24 hp.
MASSIVE DAMAGE!!
Aim: a centaur (heavily wounded)
You freeze the centaur. The centaur hits you.
You die...

#..###..##.# #
#..##...##.#####
#
#..##.#........#
#
#..##.#.c#.###.#
# #........#.#
#.# # #.........#
#.# #
####......###.# #
####.....#.# #
#.#.#.#@#
#......c#
#.#.#.#######..
#.........c....
................#
#################


You could see a centaur.

Vanquished Creatures
  An ooze (D:1)
  A dart slug (D:1)
  2 leopard geckos
  An orc (D:4)
  2 giant cockroaches (D:1)
  A goblin (D:1)
  4 hobgoblins (D:1)
  8 jackals (D:1)
  6 bats
  4 kobolds (D:1)
  7 rats
37 creatures vanquished.

Notes
Turn   | Place    | Note
-------+----------+-------------------------------------------
     0 | D:1      | kroki the Merfolk Ice Elementalist began the quest for the Orb.
     0 | D:1      | Reached XP level 1. HP: 13/13 MP: 3/3
    43 | D:1      | HP: 2/13 [jackal (2)]
   343 | D:1      | Reached XP level 2. HP: 9/19 MP: 1/5
   558 | D:1      | Reached skill level 3 in Dodging
   854 | D:1      | HP: 3/19 [kobold/club (3)]
   884 | D:1      | Reached XP level 3. HP: 6/24 MP: 4/6
   957 | D:1      | Reached skill level 4 in Ice Magic
  1771 | D:2      | You fall through a shaft for 2 floors!
  1787 | D:4      | Noticed an ogre
  1885 | D:4      | Learned a level 3 spell: Ozocubu's Armour
  1891 | D:4      | Noticed a centaur
  2023 | D:4      | HP: 3/24 [centaur (7)]
  2024 | D:4      | Slain by a centaur

Vault maps used:
D:1:      tarquinn_simple_flora_water_c, serial_bayou, serial_bayou_pond_b,
          serial_bayou_lake_a, serial_bayou_crossing, serial_bayou_pond_e,
          serial_bayou_pond_d
D:2:      lemuel_coloured_pillars_altar, first_bread
D:4:      serial_shops, shop

Skill      XL: |  1  2  3 |
---------------+----------+-----
Dodging        | 3 |  3.0
Ice Magic      | 4 |  4.5
Stealth        | |  2.5
Spellcasting   | |  2.2
Conjurations   | |  0.7

Action                   || total
-------------------------++-------
Melee: Whip              ||    17
       Unarmed           ||     5
       Tailslap          ||     6
       Dagger            ||    36
 Cast: Freeze            ||    46
  Eat: Chunk             ||     4
Armor: Robe              ||    31
Dodge: Dodged            ||   108

Vault maps used:
D:1:      tarquinn_simple_flora_water_c, serial_bayou, serial_bayou_pond_b,
          serial_bayou_lake_a, serial_bayou_crossing, serial_bayou_pond_e,
          serial_bayou_pond_d
D:2:      lemuel_coloured_pillars_altar, first_bread
D:4:      serial_shops, shop

Table legend:
 A = Turns spent in this place as a percentage of turns spent in the entire game.
 B = Non-inter-level travel turns spent in this place as a percentage of non-inter-level travel turns spent in the entire game.
 C = Inter-level travel turns spent in this place as a percentage of turns spent in this place.
 D = Turns resting spent in this place as a percentage of non-inter-level travel turns spent in this place.
 E = Turns spent auto-exploring this place as a percentage of non-inter-level travel turns spent in this place.
 F = Non-inter-level travel turns spent in this place divided by the number of levels of this place that you've seen.
                   A       B       C       D       E      F
               +-------+-------+-------+-------+-------+----------------------
         Total | 100.0 | 100.0 |   0.3 |   0.7 |   6.4 | 250.3
       Dungeon | 100.0 | 100.0 |   0.3 |   0.7 |   6.4 | 250.3
               +-------+-------+-------+-------+-------+----------------------

Table legend:
 A = Kills in this place as a percentage of kills in entire the game.
 B = Kills by you in this place as a percentage of kills by you in the entire game.
 C = Kills by friends in this place as a percentage of kills by friends in the entire game.
 D = Other kills in this place as a percentage of other kills in the entire game.
 E = Experience gained in this place as a percentage of experience gained in the entire game.
 F = Experience gained in this place divided by the number of levels of this place that you have seen.
                   A       B       C       D       E      F
               +-------+-------+-------+-------+-------+----------------------
         Total | 100.0 | 100.0 |  -nan |  -nan | 100.0 |  23.3
       Dungeon | 100.0 | 100.0 |  -nan |  -nan | 100.0 |  23.3
               +-------+-------+-------+-------+-------+----------------------
